 Dungeon Crawl Stone Soup version 0.22.1-2-g9c5b331383 (webtiles) character file.

185 Gargoyl the Skirmisher (level 5, 0/46 HPs)
             Began as a Centaur Abyssal Knight on Dec 10, 2018.
             Was a Priest of Lugonu.
             Succumbed to an orc wizard's poison
             ... on level 3 of the Dungeon on Dec 11, 2018.
             The game lasted 00:04:45 (3482 turns).

Gargoyl the Skirmisher (Centaur Abyssal Knight)     Turns: 3482, Time: 00:04:45

Health: 0/46       AC:  9    Str: 14    XL:     5   Next: 37%
Magic:  7/7        EV:  4    Int: 11    God:    Lugonu [***...]
Gold:   250        SH:  0    Dex: 10    Spells: 4/4 levels left

rFire    + . .     SeeInvis .   a - +1 hand axe
rCold    + . .     Gourm    .   (no shield)
rNeg     + . .     Faith    .   d - +0 chain mail {rN+}
rPois    +         Spirit   .   h - +0 helmet
rElec    +         Reflect  .   (no cloak)
rCorr    +         Harm     .   (no gloves)
MR       .....                  (no barding)
Stlth    ..........             (no amulet)
HPRegen  0.15/turn              (no ring)
MPRegen  0.10/turn              (no ring)

@: lethally poisoned (0 -> -22), resistant, flying, very quick
A: large, hooves 3, deformed body, speed 2, tough skin 3
a: Depart the Abyss, Bend Space, Banish, Renounce Religion


You were on level 3 of the Dungeon.
You worshipped Lugonu.
Lugonu was most pleased with you.
You were hungry.

You visited 1 branch of the dungeon, and saw 4 of its levels.
You visited the Abyss 1 time.

You collected 250 gold pieces.

Inventory:

Hand Weapons
 a - a +1 hand axe (weapon)
 i - a +0 war axe
Armour
 d - a +0 chain mail of positive energy (worn)
 h - a +0 helmet (worn)
Jewellery
 k - an uncursed amulet of harm {unknown}
 l - a +2 amulet of reflection {unknown}
Wands
 f - a wand of digging (12)
Scrolls
 b - a scroll of teleportation
 e - a scroll of identify
Comestibles
 c - 10 rations


   Skills:
 + Level 3.8 Fighting
 + Level 2.8 Axes
 * Level 2.8 Armour
 + Level 1.1 Dodging
 * Level 2.8 Invocations


You had 4 spell levels left.
You didn't know any spells.
Your spell library was empty.

Dungeon Overview and Level Annotations

Branches:
Dungeon (4/15)
 Temple: D:4-7

Altars:
Dithmenos
Hepliaklqana


Innate Abilities, Weirdness & Mutations

You have hooves in place of feet.
Armour fits poorly on your strangely shaped body.
You cover ground very quickly.
You have extremely tough skin. (AC +3)


Message History

* * * LOW HITPOINT WARNING * * *
You feel sick.
The orc wizard hits you but does no damage.
You are more poisoned.
You hit the orc wizard.
You kill the orc wizard!
Lugonu accepts your kill.
* * * LOW HITPOINT WARNING * * *
You feel very sick.
* * * LOW HITPOINT WARNING * * *
You feel sick.
Things that are here:
a dagger of venom; a robe; an orc corpse Unknown command.
You butcher the orc corpse.
* * * LOW HITPOINT WARNING * * *
You feel sick.
Things that are here:
a dagger of venom; a robe; 2 chunks of flesh You die...

#..# #.####.##
#..######.# ##'##
#....†....###...##
#####.#########.....##
#.......## ##.......##
#.###....####.........#
#.# #.......'.........'
#.# #....####.........#
#.# #.@.## ##.......##
#.# #).## ##.....##
#.###.># ##.))##
#..(...# ##'## #####.##
###.# #.#########...#
#.............##
###########....##
#.....#


There were no monsters in sight!

Vanquished Creatures
  A worker ant (D:2)
  An orc wizard (D:3)
  Robin (D:3)
  An adder (D:2)
  2 oozes
  2 worms (D:2)
  A dart slug (D:2)
  4 leopard geckos
  7 orcs (D:3)
  2 giant cockroaches
  16 goblins
  10 hobgoblins
  5 jackals
  3 quokkas
  A ball python (D:2)
  10 bats
  6 frilled lizards
  4 kobolds
  10 rats
87 creatures vanquished.

Notes
Turn   | Place    | Note
-------+----------+-------------------------------------------
     0 | Abyss:1  | Gargoyl the Centaur Abyssal Knight began the quest for the
                  | Orb.
     0 | Abyss:1  | Reached XP level 1. HP: 19/19 MP: 2/2
    56 | Abyss:2  | Noticed a small abomination
    64 | Abyss:3  | Found a snail-covered altar of Cheibriados.
   111 | Abyss:3  | Noticed a tentacled starspawn
   121 | Abyss:3  | Noticed a large abomination
   127 | Abyss:3  | Noticed a tormentor
   127 | Abyss:3  | Noticed a thrashing horror
   128 | D:1      | Escaped the Abyss
   313 | D:1      | Reached * piety under Lugonu
   353 | D:1      | Reached XP level 2. HP: 21/26 MP: 3/3
   772 | D:2      | Reached XP level 3. HP: 14/31 MP: 4/4
  1447 | D:2      | Reached ** piety under Lugonu
  1447 | D:2      | Reached skill level 1 in Dodging
  1820 | D:2      | Reached XP level 4. HP: 39/39 MP: 5/5
  2233 | D:3      | Found a hazy altar of Hepliaklqana.
  2359 | D:3      | Noticed Robin
  2382 | D:3      | Killed Robin
  2793 | D:3      | Reached XP level 5. HP: 44/46 MP: 7/7
  3113 | D:3      | Reached *** piety under Lugonu
  3300 | D:3      | Found a shadowy altar of Dithmenos.
  3481 | D:3      | HP: 1/46 [poisoned by an orc wizard]
  3482 | D:3      | Succumbed to an orc wizard's poison

Skill      XL: |  1  2  3 |
---------------+----------+-----
Axes           | 2 |  2.8
Armour         | 2 |  2.8
Dodging        | 1 |  1.1
Fighting       | |  3.8
Invocations    | |  2.8

Action                   |  1- 3 |  4- 6 || total
-------------------------+-------+-------++-------
Melee: Hand axe          |   132 |   131 ||   263
       Kick              |    19 |    22 ||    41
Invok: Depart the Abyss  |     1 |       ||     1
  Use: Scroll            |     5 |     1 ||     6
       Potion            |       |     2 ||     2
  Eat: Chunk             |     2 |     4 ||     6
Armor: Chain mail        |   100 |   127 ||   227
Dodge: Dodged            |    29 |    28 ||    57
